 Dungeon Crawl Stone Soup version 0.28.0-53-g5a82cb258f (webtiles) character file.

Game seed: 687436708906740879

623 Gabide the Skirmisher (level 7, -5/90 HPs)
             Began as a Barachi Hunter on June 18, 2022.
             Slain by an ogre
             ... wielding a +0 giant club
              (9 damage)
             ... on level 6 of the Dungeon.
             The game lasted 00:08:57 (5220 turns).

Gabide the Skirmisher (Barachi Hunter)              Turns: 5220, Time: 00:08:58

Health: -5/90      AC: 23    Str: 13    XL:     7   Next: 47%
Magic:  7/7        EV:  2    Int: 11    God:
Gold:   182        SH:  0    Dex: 15    Spells: 6/6 levels left

rFire   . . .      SeeInvis .   a - +1 hand crossbow
rCold   + . .      Faith    .   (no shield)
rNeg    . . .      Spirit   .   (armour currently unavailable)
rPois   +          Reflect  .   (helmet currently unavailable)
rElec   .          Harm     .   (cloak currently unavailable)
rCorr   .          Rampage  .   (gloves currently unavailable)
Will    .....      NoTele   +   (boots currently unavailable)
Stlth   ++........              (no amulet)
HPRegen 0.25/turn               n - ring of protection from cold
MPRegen 0.10/turn               (no ring)

@: lethally poisoned (-5 -> -6), tree-form
A: stationary, stasis, torment immunity, boosted hp, (amphibious), (slowness 1),
(strong legs 1), +LOS
a: no special abilities


You were on level 6 of the Dungeon.
You were a tree.
You visited 1 branch of the dungeon, and saw 6 of its levels.

You collected 182 gold pieces.

Inventory:

Hand Weapons
 a - a +1 hand crossbow (weapon)
 b - a +3 dagger of protection
Missiles
 d - 24 bolts (quivered ammo)
Armour
 f - a +0 ring mail (melded)
 l - a +0 helmet (melded)
Jewellery
 n - a ring of protection from cold (left branch)
Wands
 k - a wand of acid (7)
 u - a wand of charming (13)
Scrolls
 c - a scroll of noise
 e - a scroll of enchant armour {unknown}
 g - 2 scrolls of blinking
 i - a scroll of fog {unknown}
 j - a scroll of torment {unknown}
 p - a scroll of amnesia {unknown}
 q - a scroll of summoning {unknown}
 t - a scroll of fear {unknown}
 x - a scroll of vulnerability {unknown}
 y - a scroll of holy word
Potions
 h - a potion of might
 o - a potion of attraction {unknown}
 r - a potion of cancellation {unknown}
 s - a potion of invisibility {unknown}
 v - 2 potions of lignification
 w - 2 potions of flight


   Skills:
 + Level 7.0 Fighting
 + Level 6.8 Crossbows
 - Level 2.1 Dodging
 - Level 0.8 Stealth


You had 6 spell levels left.
You didn't know any spells.
Your spell library contained the following spells:

 Spells                   Type           Power      Damage    Failure   Level
 Apportation              Tloc           0%         N/A       34%         1
 Sandblast                Erth           0%         2d4       34%         1
 Passwall                 Tmut/Erth      0%         N/A       47%         2
 Stone Arrow              Conj/Erth      0%         3d7       71%         3
 Alistair's Intoxication  Tmut/Pois      0%         N/A       100%        5


Dungeon Overview and Level Annotations

Branches:
Dungeon (5/15)
 Temple: D:4-7

Altars:

Shops:
D:6 =


Innate Abilities, Weirdness & Mutations

You are a tree.
Your roots penetrate the ground, keeping you stationary.
You cannot be teleported.
You are immune to unholy pain and torment.
Your maximum health is greatly increased.
Your equipment is partially melded.
((You are amphibious.))
((You cover ground slowly.))
((You can hop short distances.))
You have an extended range of vision and can be seen from far away.


Message History

It was a potion of lignification.
You turn into a tree.
Your +0 helmet melds into your body.
Your +0 ring mail melds into your body.
Your roots penetrate the ground.
You feel sick. The hound bites you but does no damage.
Your +3 dagger of protection goes still.
a - a +1 hand crossbow (weapon)
The hound bites you but does no damage.
Fire: 27 bolts
Press: ? - help, Q - select action, (/) - cycle Shift-Dir - straight line, f - steam dragon
Aim: a steam dragon (69% to hit)
You shoot a bolt. The bolt hits the steam dragon!
The steam dragon is moderately wounded.
You feel sick. The hound bites you but does no damage.
The steam dragon breathes steam at you.
The ball of steam hits you but does no damage.
The hound bites you but does no damage.
Fire: 26 bolts
Press: ? - help, Q - select action, (/) - cycle Shift-Dir - straight line, f/p - steam dragon
Aim: a steam dragon (moderately wounded, catching its breath, 69% to hit)
You shoot a bolt.
The bolt hits the steam dragon but does no damage.
The steam dragon is moderately wounded.
You are engulfed in a cloud of scalding steam.
You feel sick. The steam dragon bites you.
* * * LOW HITPOINT WARNING * * *
The steam dragon claws you but does no damage.
The hound bites you but does no damage.
The ogre is engulfed in a cloud of scalding steam.
The steam dragon bites you but does no damage.
The steam dragon claws you but does no damage.
Fire: 25 bolts
Press: ? - help, Q - select action, (/) - cycle Shift-Dir - straight line, f - ogre, p - steam dragon
Aim: an ogre, wielding a +0 giant club (heavily wounded, 80% to hit)
You shoot a bolt. The bolt hits the ogre!
The ogre is almost dead.
You are engulfed in a cloud of scalding steam.
* * * LOW HITPOINT WARNING * * *
You feel sick. The hound bites you but does no damage.
The ogre hits you with a +0 giant club!
You die...

...##.# .# #..#.# .#
##### #...# .# #...#
##..# ##.# #...# #...##
#..# #...#
#..#####.#.K####.####...#
..".......D§.D.K........#
#.#####.#.KK##D........#
....###)#(#.#♣h#.###...#
..........$.KO.....##...#
.......###########.######
.....#. ..... ..# .... .
####### ..# ... .. ...
... ## #. ### .#.# .. g.#
...# .. #∩# ..##


You could see a steam dragon (catching breath), a kobold brigand, an ogre, a
hound and a kobold.

Vanquished Creatures
  2 ice beasts
  A water moccasin zombie (D:5)
  A water moccasin skeleton (D:4)
  A jelly (D:4)
  An iguana (D:4)
  3 orc wizards
  A hound skeleton (D:4)
  Robin (D:2)
  4 gnolls (D:4)
  4 adders
  An ufetubus (D:5)
  A worm (D:4)
  4 dart slugs
  8 orcs
  2 ball pythons
  4 endoplasms
  2 giant cockroaches
  15 goblins
  8 hobgoblins
  8 jackals
  9 kobolds
  A quokka (D:1)
  5 bats
  4 frilled lizards
  7 rats
98 creatures vanquished.

Notes
Turn   | Place    | Note
-------+----------+-------------------------------------------
     0 | D:1      | Gabide the Barachi Hunter began the quest for the Orb.
     0 | D:1      | Reached XP level 1. HP: 17/17 MP: 1/1
   194 | D:1      | Reached XP level 2. HP: 18/23 MP: 2/2
   271 | D:1      | Found a faded altar of an unknown god.
   298 | D:1      | Reached skill level 3 in Fighting
   949 | D:1      | Reached XP level 3. HP: 19/29 MP: 3/3
  1519 | D:2      | Noticed Robin
  1552 | D:2      | Killed Robin
  1553 | D:2      | Reached skill level 4 in Fighting
  1553 | D:2      | Reached XP level 4. HP: 25/37 MP: 4/4
  2343 | D:3      | Reached skill level 5 in Crossbows
  2849 | D:4      | Reached XP level 5. HP: 43/43 MP: 5/5
  3058 | D:4      | Reached skill level 5 in Fighting
  3124 | D:4      | Noticed an ice beast
  3680 | D:3      | Reached XP level 6. HP: 31/51 MP: 6/6
  4040 | D:4      | Killed an ice beast
  4041 | D:4      | Reached skill level 6 in Fighting
  4490 | D:5      | Entered Level 5 of the Dungeon
  4563 | D:5      | Reached XP level 7. HP: 47/59 MP: 7/7
  4939 | D:5      | Reached skill level 7 in Fighting
  5146 | D:5      | You fall into a shaft and drop 1 floor!
  5159 | D:6      | Found Ezxaxt's Jewellery Emporium.
  5164 | D:6      | Noticed a steam dragon
  5220 | D:6      | HP: 4/90 [poisoned by a kobold brigand]
  5220 | D:6      | Slain by an ogre

Illustrated notes

Levels and vault maps discovered:
D:1:      erik_arrival_blinker_ship, layout_loops_ring,
          shapermc_ecumenical_altar_acropolis
D:2:      layout_basic, interstate_on_off, kennysheep_minor_cross, uniq_robin
D:3:      layout_rooms
D:4:      layout_rooms
D:5:      layout_gridville
D:6:      layout_rooms, temple_doors_e, serial_shops,
          nicolae_inconvenience_store

Skill      XL: |  1  2  3  4  5  6  7 |
---------------+----------------------+-----
Fighting       | 3 4 5 6 7 |  7.0
Crossbows      | 5 6 |  6.8
Dodging        | |  2.1
Stealth        | |  0.8

Action                   |  1- 3 |  4- 6 |  7- 9 || total
-------------------------+-------+-------+-------++-------
Melee: Short sword       |   112 |   110 |       ||   222
       Punch             |     3 |     3 |     1 ||     7
       Dagger            |       |    41 |   125 ||   166
 Fire: Hand crossbow     |    16 |    78 |     3 ||    97
 Abil: Hop               |       |     2 |       ||     2
  Use: Scroll            |     1 |     4 |     1 ||     6
       Potion            |       |     2 |     2 ||     4
 Stab: Sleeping          |     1 |       |       ||     1
Armor: Leather armour    |     7 |       |       ||     7
       Ring mail         |    47 |    83 |    72 ||   202
       Skin              |       |       |    11 ||    11
Dodge: Dodged            |    81 |   121 |    65 ||   267
